[Event "Team 45 45 League T26"]
[Site "Internet Chess Club"]
[Date "2005.05.05"]
[Round "8"]
[White "klt713"]
[Black "Knight-Rookie"]
[Result "1-0"]
[WhiteElo "1248"]
[BlackElo "1264"]
[TimeControl "2700+45"]

1. d4 d5 2. c4 Nf6 3. Nf3 Bg4 4. e3 e6 5. Be2 Bxf3 6. Bxf3 dxc4 7. Qa4+ c6 8.
Qxc4 b5 9. Bxc6+ Nxc6 10. Qxc6+ Ke7 11. Bd2 a5 12. Qc5+ Ke8 13. Qxb5+ Nd7 14. b3
Bd6 15. Nc3 e5 16. Ne4 Ke7 17. Nxd6 Kxd6 18. Rc1 Rc8 19. Rxc8 Qxc8 20. O-O exd4
21. exd4 Re8 22. h3 Ke7 23. Bxa5 Kf8 24. Bb4+ Kg8 25. a4 Nf6 26. d5 Re5 27. Rd1
Qd8 28. a5 Rxd5 29. Rxd5 Nxd5 30. Qd3 Qa8 31. Qe4 Qd8 32. a6 Nxb4 33. Qxb4 g5
34. a7 h5 35. Qb8 Qxb8 36. axb8=Q+ Kg7 37. Qe5+ Kh7 38. b4 Kg6 39. b5 f5 40. b6
{Black resigns} 1-0

[Event "Team 45 45 League T26"]
[Site "Internet Chess Club"]
[Date "2005.05.07"]
[Round "8"]
[White "ratty"]
[Black "Quoyle"]
[Result "1/2-1/2"]
[WhiteElo "2266"]
[BlackElo "2410"]
[TimeControl "2700+45"]

1. Nf3 Nf6 2. e3 g6 3. b3 Bg7 4. Bb2 d6 5. c4 O-O 6. d4 Nbd7 7. Bd3 e5 8. Nbd2
Re8 9. Qc2 Qe7 10. dxe5 dxe5 11. Be2 a5 12. O-O c6 13. e4 Nh5 14. g3 Nf8 15.
Rfd1 Bg4 16. Bf1 Rad8 17. Bg2 f6 18. Nf1 Bc8 19. Ne3 Ne6 20. Rxd8 Rxd8 21. Rd1
Bf8 22. h4 Qc7 23. Rxd8 Qxd8 24. Qd1 Qxd1+ 25. Nxd1 Bc5 26. Kf1 Kf7 27. Ke2 Ke7
28. Ne3 b6 29. Nc2 Nhg7 30. Nfe1 Nd4+ 31. Nxd4 Bxd4 32. Bxd4 exd4 33. Nd3 Kd6
34. f4 Bg4+ 35. Bf3 Bxf3+ 36. Kxf3 c5 37. e5+ fxe5 38. fxe5+ Ke6 39. Ke4 Nh5 40.
g4 Ng3+ 41. Kf4 Nf1 42. Kg5 Nh2 43. Kf4 Nf1 44. Nf2 h6 45. Nd3 Nd2 46. Kg3 g5
47. hxg5 {Game drawn by mutual agreement} 1/2-1/2

[Event "Team 45 45 League T26"]
[Site "Internet Chess Club"]
[Date "2005.05.07"]
[Round "8"]
[White "Apocalyptic"]
[Black "jorobo"]
[Result "0-1"]
[WhiteElo "1993"]
[BlackElo "2204"]
[TimeControl "2700+45"]

1. e4 d6 2. d4 Nf6 3. Nc3 g6 4. f4 Bg7 5. Nf3 O-O 6. Bd3 Na6 7. a3 c5 8. Bxa6
cxd4 9. Qxd4 bxa6 10. O-O Bb7 11. Qd3 Nd7 12. Be3 Qc7 13. Bd4 Nc5 14. Qe2 Bxd4+
15. Nxd4 Qb6 16. Rab1 Ne6 17. Kh1 Nxd4 18. Qd2 Nb5 19. Na4 Qd4 {White resigns}
0-1

[Event "Team 45 45 League T26"]
[Site "Internet Chess Club"]
[Date "2005.05.06"]
[Round "8"]
[White "megamaster"]
[Black "Undadog"]
[Result "1-0"]
[WhiteElo "2130"]
[BlackElo "1884"]
[TimeControl "2700+45"]

1. c4 c5 2. Nf3 Nc6 3. Nc3 g6 4. d4 cxd4 5. Nxd4 Bg7 6. e3 d6 7. Be2 Nf6 8. O-O
O-O 9. b3 Nxd4 10. exd4 d5 11. Bg5 Be6 12. Qd2 dxc4 13. bxc4 Rc8 14. d5 Bf5 15.
Rac1 Qa5 16. Rfe1 Rfd8 17. Bd3 Bxd3 18. Qxd3 e6 19. Qf3 Rxc4 20. Bxf6 Rdc8 21.
Bxg7 Kxg7 22. dxe6 fxe6 23. Rxe6 Rxc3 24. Re7+ Kh6 25. Rxc3 Rxc3 26. Qf8+ Kg5
27. h4+ Kh5 28. Rxh7+ Kg4 29. f3+ Kg3 30. Qb8+ {Black resigns} 1-0